 Dungeon Crawl Stone Soup version 0.27.1-34-g3ba077fa99 (webtiles) character file.

Game seed: 7180371184786092145

1121 chmiii the Fighter (level 8, -1/88 HPs)
             Began as a Troll Hunter on Jan 28, 2022.
             Slain by an ogre (11 damage)
             ... on level 5 of the Dungeon.
             The game lasted 00:16:46 (3626 turns).

chmiii the Fighter (Troll Hunter)                   Turns: 3626, Time: 00:16:47

Health: -1/88      AC:  6    Str: 23    XL:     8   Next: 12%
Magic:  7/7        EV:  9    Int:  7    God:
Gold:   86         SH:  0    Dex: 10    Spells: 7/7 levels left

rFire    . . .     SeeInvis .   (no weapon)
rCold    . . .     Faith    .   (no shield)
rNeg     . . .     Spirit   .   r - +2 animal skin
rPois    .         Reflect  .   (helmet restricted)
rElec    .         Harm     .   (no cloak)
rCorr    .         Rampage  .   (gloves unavailable)
Will     +....                  (boots unavailable)
Stlth    +.........             (no amulet)
HPRegen  1.24/turn              h - ring of willpower
MPRegen  0.10/turn              (no ring)

@: slowed, very slow
A: large, unfitting armour, claws 3, regeneration 1, shaggy fur 1, tough skin 1
a: no special abilities


You were on level 5 of the Dungeon.
You visited 1 branch of the dungeon, and saw 5 of its levels.
You also visited: Ossuary.

You collected 146 gold pieces.
You spent 60 gold pieces at shops.

Inventory:

Hand Weapons
 k - a +0 hunting sling
 A - a +0 giant club
Missiles
 c - 4 large rocks (quivered)
 d - 3 throwing nets
 x - 34 poisoned darts
Armour
 r - a +2 animal skin (worn)
Jewellery
 h - a ring of willpower (left claw)
 l - a ring of flight
 o - a ring of magical power
 y - a +6 ring of intelligence
Scrolls
 b - 2 scrolls of teleportation
 e - a scroll of fear {unknown}
 g - a scroll of blinking
 i - 2 scrolls of amnesia
 q - 2 scrolls of fog
 w - a scroll of identify
 z - a scroll of enchant armour {unknown}
 B - a scroll of magic mapping {unknown}
Potions
 a - a potion of berserk rage {unknown}
 f - a potion of cancellation {unknown}
 j - a potion of ambrosia
 m - a potion of resistance
 n - a potion of flight
 p - 3 potions of heal wounds
 s - 2 potions of haste
 t - 2 potions of curing {unknown}
 u - a potion of lignification {unknown}
 v - 2 potions of mutation {unknown}


   Skills:
 + Level 8.2 Fighting
 - Level 3.6 Throwing
 - Level 1.5 Dodging
 - Level 0.3 Stealth


You had 7 spell levels left.
You didn't know any spells.
Your spell library contained the following spells:

 Spells                   Type           Power      Damage    Failure   Level
 Sting                    Tmut/Pois      0%         1d3       43%         1
 Poisonous Vapours        Pois/Air       0%         N/A       56%         2
 Gell's Gravitas          Tloc           0%         N/A       80%         3
 Lesser Beckoning         Tloc           0%         N/A       80%         3
 Teleport Other           Tloc           0%         N/A       80%         3
 Olgreb's Toxic Radiance  Pois           0%         N/A       99%         4


Dungeon Overview and Level Annotations

Branches:
Dungeon (5/15)            Ossuary (visited)
 Temple: D:4-7

Altars:
Kikubaaqudgha

Shops:
D:3 ?

Annotations:
D:3 2 runed translucent doors, Sharkman1231's ghost, amateur KoBr
D:4 exclusion: downstairs


Innate Abilities, Weirdness & Mutations

You are too large for most types of armour.
You have claws for hands.
Your natural rate of healing is unusually fast.
You are covered in fur. (AC +1)
You have tough skin. (AC +1)


Message History

The wraith hits you.
An ogre comes into view. It is wielding a +0 giant spiked club.
The wraith barely misses you.
You claw the wraith!
The wraith is heavily damaged.
The wraith hits you.
You scratch the wraith.
The wraith is severely damaged.
The wraith hits you but does no damage. The wraith misses you.
You scratch the wraith.
The wraith is almost destroyed.
The wraith hits you. The wraith drains your vigour!
You feel as though you will be slow longer.
The wraith barely misses you.
The ogre hits you with a +0 giant spiked club!!
The wraith hits you! The ogre closely misses you.
An orc comes into view. It is wielding a +0 short sword.
Throw: 5 large rocks
Press: ? - help, Q - select action, (/) - cycle Shift-Dir - straight line, f - ogre
Aim: an ogre, wielding a +0 giant spiked club (76% to hit)
You throw a large rock. The orc shouts!
The large rock hits the ogre.
The ogre is lightly wounded.
You hear a shout!
The ogre closely misses you.
The ogre hits you with a +0 giant spiked club!!
An orc comes into view. It is wielding a +0 hand axe.
The orc shouts!
An orc comes into view. It is wielding a +0 club.
The orc barely misses you.
There is a stone staircase leading up here.
The ogre hits you with a +0 giant spiked club!!
* * * LOW HITPOINT WARNING * * *
The orc hits you with a +0 short sword.
* * * LOW HITPOINT WARNING * * *
The orc misses you.
The ogre hits you with a +0 giant spiked club!
You die...

#.....#...........
#....##..)........
####...)...........##
..##........#...o....##
............#.......##
............#...o...#
#..................##
##..#.#.#..##....o##
#.#...#.##.###..@## .
#...#.#....##O##
.......#...[.W## #.
.#...........##.#.#
..........#.#.#
#..........#.#
............##
.......)...##
...#......##


You could see a wraith, an ogre and 3 orcs.

Vanquished Creatures
  An ogre (D:5)
  A phantom (D:4)
  A bullfrog (D:3)
  3 elf zombies (Ossuary)
  5 centaur zombies (Ossuary)
  An orc priest (D:3)
  4 human zombies (Ossuary)
  2 hounds (D:4)
  A jelly (D:5)
  2 orc wizards
  An iguana (D:4)
  Robin (D:3)
  3 mummies (Ossuary)
  5 gnolls
  4 adders (D:3)
  An adder skeleton (D:4)
  3 dart slugs
  9 orcs
  4 bats
  3 endoplasms
  3 giant cockroaches
  12 goblins
  8 hobgoblins
  6 jackals
  4 kobolds
  2 quokkas
  3 ball pythons
  2 frilled lizards (D:1)
  2 rats
97 creatures vanquished.

Vanquished Creatures (others)
  A fungus (D:3)
1 creature vanquished.

Grand Total: 98 creatures vanquished

Notes
Turn   | Place    | Note
-------+----------+-------------------------------------------
     0 | D:1      | chmiii the Troll Hunter began the quest for the Orb.
     0 | D:1      | Reached XP level 1. HP: 19/19 MP: 0/0
    64 | D:1      | Reached skill level 2 in Fighting
   136 | D:1      | Reached XP level 2. HP: 24/28 MP: 1/1
   501 | D:1      | Reached XP level 3. HP: 30/36 MP: 2/2
   581 | D:1      | Reached skill level 3 in Fighting
  1377 | D:3      | Noticed a bullfrog
  1378 | D:3      | Killed a bullfrog
  1379 | D:3      | Reached skill level 4 in Fighting
  1379 | D:3      | Reached XP level 4. HP: 48/48 MP: 3/3
  1493 | D:3      | Reached XP level 5. HP: 40/55 MP: 4/4
  1534 | D:3      | Found a faded altar of an unknown god.
  1604 | D:3      | Found an ancient bone altar of Kikubaaqudgha.
  1745 | D:3      | Found a large runed translucent door.
  1747 | D:3      | Found a large runed translucent door.
  1748 | D:3      | Noticed Sharkman1231's ghost (amateur KoBr)
  1802 | D:3      | Noticed Robin
  1879 | D:3      | Killed Robin
  1897 | D:3      | Found Tyesseff's Magic Scroll Shop.
  1903 | D:3      | Bought a scroll of identify for 24 gold pieces
  1903 | D:3      | Bought a scroll of teleportation for 36 gold pieces
  1960 | D:3      | Reached skill level 5 in Fighting
  2542 | D:4      | Reached XP level 6. HP: 66/66 MP: 5/5
  2657 | D:4      | Found a sand-covered staircase.
  2663 | Ossuary  | Entered an ossuary
  2698 | Ossuary  | Reached skill level 6 in Fighting
  2889 | Ossuary  | Reached XP level 7. HP: 68/76 MP: 6/6
  2959 | Ossuary  | Reached skill level 7 in Fighting
  3398 | D:5      | Entered Level 5 of the Dungeon
  3541 | D:5      | Reached skill level 8 in Fighting
  3541 | D:5      | Reached XP level 8. HP: 88/88 MP: 7/7
  3626 | D:5      | Slain by an ogre

Illustrated notes

Levels and vault maps discovered:
D:1:      heliophobic_arrival_ceremonial_halls, layout_basic
D:2:      layout_basic
D:3:      layout_loops_ring, marbit_many_paths, ebering_ghost_disaster_area,
          dreamdust_ecumenical_altar_grove, serial_shops, shop,
          minmay_crystal_water, minmay_misc_feat_five, grunt_decor_mini_mirrors,
          uniq_robin
D:4:      layout_loops_ring, lightli_ossuary_entry_decrepit_ruins,
          chequers_serial_rivers_small_3, kennysheep_generic_room_14
D:5:      minmay_inner_zag, layout_cave_pools, minitemple

Skill      XL: |  1  2  3  4  5  6  7 |
---------------+----------------------+-----
Fighting       | 2 4 5 6 8 |  8.2
Throwing       | |  3.6
Dodging        | |  1.5
Stealth        | |  0.3

Action                   |  1- 3 |  4- 6 |  7- 9 || total
-------------------------+-------+-------+-------++-------
Melee: Unarmed           |    91 |   248 |   177 ||   516
       Short sword       |     7 |       |       ||     7
Throw: Large rock        |     1 |       |     4 ||     5
  Use: Scroll            |       |     8 |       ||     8
 Stab: Sleeping          |     2 |     3 |       ||     5
Armor: Robe              |    40 |    42 |       ||    82
       Animal skin       |       |    71 |    45 ||   116
Dodge: Dodged            |    38 |   106 |    61 ||   205
